 Dungeon Crawl Stone Soup version 0.21-a0-324-gfc3775b (webtiles) character file.

7968 MirrMurr the Impaler (level 11, 0/92 HPs)
             Began as a Merfolk Berserker on Oct 1, 2017.
             Was a High Priest of Trog.
             Slain by an ice beast (13 damage)
             ... on level 9 of the Dungeon.
             The game lasted 00:22:14 (7059 turns).

MirrMurr the Impaler (Merfolk Berserker)            Turns: 7059, Time: 00:22:14

Health: 0/92       AC: 14    Str: 21    XL:     11   Next: 23%
Magic:  11/11      EV: 10    Int:  7    God:    Trog [*****.]
Gold:   448        SH:  0    Dex: 13    Spells: 10/10 levels left

rFire    . . .     SeeInvis .   a - +0 glaive
rCold    . . .     Gourm    .   (shield currently unavailable)
rNeg     . . .     Faith    .   v - +0 plate armour
rPois    .         Spirit   .   (no helmet)
rElec    .         Reflect  .   L - +0 cloak
rCorr    .         Harm     .   (no gloves)
MR       ++...                  h - +0 pair of boots
Stlth    ..........             x - amulet of regeneration
HPRegen  1.65/turn              (no ring)
MPRegen  0.12/turn              (no ring)

@: berserk cooldown, regenerating, slowed, very slow
A: change form in water, swift swim, stealthy swim
a: Berserk, Trog's Hand, Brothers in Arms, Burn Spellbooks, Renounce Religion


You were on level 9 of the Dungeon.
You worshipped Trog.
Trog was extremely pleased with you.
You were near starving.

You visited 2 branches of the dungeon, and saw 10 of its levels.
You also visited: Sewer.

You collected 448 gold pieces.

Inventory:

Hand Weapons
 a - a +0 glaive (weapon)
 b - a +0 hunting sling
 f - a +0 blowgun
 q - a +0 trident of venom
 A - a +0 bardiche
Missiles
 s - 77 sling bullets
 u - 227 stones
 y - 85 poisoned needles
 O - 5 javelins of returning (quivered)
Armour
 h - a +0 pair of boots (worn)
 v - a +0 plate armour (worn)
 L - a +0 cloak (worn)
Jewellery
 j - a cursed ring of teleportation {unknown}
 l - an uncursed ring of resist corrosion {unknown}
 m - an uncursed ring of poison resistance {unknown}
 w - a cursed -2 ring of intelligence {unknown}
 x - an amulet of regeneration (around neck)
 z - an uncursed ring of fire {unknown}
 B - a cursed ring of loudness {unknown}
 E - an uncursed ring of fire {unknown}
Wands
 H - a wand of acid (7/15)
Scrolls
 e - 3 scrolls of enchant armour
 n - 2 scrolls of teleportation
 p - a scroll of recharging
Potions
 d - a potion of haste
 g - a potion of mutation {unknown}
 i - a potion of degeneration {unknown}
 k - 3 potions of brilliance {unknown}
 o - 3 potions of curing
 D - 2 potions of might
 F - 2 potions of heal wounds {unknown}
 G - a potion of flight {unknown}
 K - 3 potions of cancellation
 M - 2 potions of ambrosia {unknown}
 P - a potion of resistance {unknown}
Books
 C - a book of Misfortune

   Spells                             Type                      Level
   a - Confusing Touch                Hexes                        1
   b - Confuse                        Hexes                        3
   c - Gell's Gravitas                Translocation                3
   d - Petrify                        Transmutation/Earth          4
   e - Metabolic Englaciation         Hexes/Ice                    5
   f - Yara's Violent Unravelling     Hexes/Transmutation          5
   Trog disapproves of the use of such an item.
 N - Sif Muna's Catalogue of Conjuration
   (You found it on level 8 of the Dungeon)

   Spells                             Type                      Level
   a - Sting                          Conjuration/Poison           1
   Trog disapproves of the use of such an item.
 Q - a book of Beasts

   Spells                             Type                      Level
   a - Summon Butterflies             Summoning                    1
   b - Call Canine Familiar           Summoning                    3
   c - Summon Ice Beast               Ice/Summoning                4
   d - Summon Mana Viper              Hexes/Summoning              5
   e - Summon Hydra                   Summoning                    7
   Trog disapproves of the use of such an item.
Comestibles
 c - 3 bread rations
 r - 2 royal jellies
 t - 4 meat rations
 I - 14 fruits
 J - 10 chunks of flesh


   Skills:
 * Level 10.4 Fighting
 * Level 15.7 Polearms
 + Level 4.9 Armour
 + Level 8.7 Dodging


You had 10 spell levels left.
You didn't know any spells.

Dungeon Overview and Level Annotations

Branches:
Dungeon (9/15)             Temple (1/1) D:4
   Lair: D:8-11         Orc: D:9-12

Altars:
Ashenzari
Cheibriados
Fedhas
Gozag
Makhleb
Sif Muna
Trog
Uskayaw
Vehumet
Yredelemnul
The Shining One

Shops:
D:5 *


Message History

* * * LOW HITPOINT WARNING * * *
Your surroundings suddenly seem different.
A centaur comes into view.
The centaur shouts!
The centaur wields a shortbow.
The centaur shoots an arrow.
The arrow hits you.
* * * LOW HITPOINT WARNING * * *
Found an arrow.
An ice beast comes into view.
You see here an arrow.
Your skin crawls.
You feel resistant to hostile enchantments.
You feel somewhat more hungry.
The centaur shoots an arrow.
The arrow closely misses you.
The centaur shoots an arrow.
The arrow hits you.
* * * LOW HITPOINT WARNING * * *
You see here an arrow.
You feel better. The ice beast hits you.
* * * LOW HITPOINT WARNING * * *
The ice beast freezes you!
You die...

.# ...#.#.#.........# .##
#..#.#...#####.### ..#
#..#..#.#..... #.# ..#
#..#..#.#.#.### #.# ..##
#..#..#.#.#.. #.# ...#
#..#..#.#.#######.# ...##
#..#c.#.#.#.......#
....### #..#Y.#
#.#.####### ......####
#..#@.#.#...##
.((....'.####..#(.#......#
)......#.......#..######.#
.......##......#..# #.#
##....).#..#####..# #.#
##.....#...## #..# #.#
#.....##...###..# #.#
##.....#.....#..# #.####
#.....##.......# #....#


You could see an ice beast and a centaur.

Vanquished Creatures
  2 two-headed ogres (D:8)
  3 death yaks (D:9)
  A hornet (D:8)
  A troll (D:7)
  3 hippogriffs (D:9)
  A wyvern (D:9)
  Menkaure (D:7)
  3 orc warriors
  2 sky beasts
  A phantom (D:5)
  A necrophage (D:8)
  2 eyes of draining (D:8)
  4 ogres
  4 centaurs
  A big kobold (D:9)
  4 bullfrogs
  2 scorpions
  4 howler monkeys
  5 crimson imps
  Crazy Yiuf (D:7)
  A jelly (D:8)
  2 orc priests (D:7)
  A hound (D:7)
  14 orc wizards
  3 centaur skeletons
  4 iguanas
  A bullfrog skeleton (D:9)
  9 worker ants
  A hound skeleton (D:7)
  16 adders
  A gnoll (D:1)
  13 oozes
  An adder skeleton (D:6)
  4 worms
  A dart slug (D:1)
  20 leopard geckos
  34 orcs
  10 ball pythons (Sewer)
  8 giant cockroaches
  12 goblins
  3 hobgoblins
  9 jackals
  4 quokkas
  7 bats
  13 frilled lizards
  6 kobolds
  2 leopard gecko skeletons
  A quokka zombie (D:7)
  11 rats
258 creatures vanquished.

Notes
Turn   | Place    | Note
-------+----------+-------------------------------------------
     0 | D:1      | MirrMurr the Merfolk Berserker began the quest for the Orb.
     0 | D:1      | Reached XP level 1. HP: 18/18 MP: 1/1
    10 | D:1      | Reached skill level 5 in Polearms
    10 | D:1      | Reached XP level 2. HP: 18/24 MP: 2/2
   309 | D:1      | Reached skill level 6 in Polearms
   309 | D:1      | Reached XP level 3. HP: 14/29 MP: 3/3
   898 | D:2      | Reached skill level 7 in Polearms
   898 | D:2      | Reached XP level 4. HP: 22/35 MP: 4/4
  1271 | D:2      | Found a snail-covered altar of Cheibriados.
  1312 | D:2      | Reached ** piety under Trog
  2226 | D:3      | Reached skill level 8 in Polearms
  2231 | D:3      | Reached XP level 5. HP: 39/41 MP: 5/5
  2448 | D:3      | Noticed an ogre
  2461 | D:3      | Killed an ogre
  2461 | D:3      | Reached skill level 9 in Polearms
  2461 | D:3      | Reached XP level 6. HP: 31/47 MP: 6/6
  2531 | D:3      | Reached skill level 10 in Polearms
  2657 | D:4      | Found a staircase to the Ecumenical Temple.
  2672 | Temple   | Entered the Ecumenical Temple
  2747 | D:4      | Noticed a dagger
  2748 | D:4      | Found a hide-covered altar of Uskayaw.
  2748 | D:4      | Noticed a dagger
  2786 | D:4      | Found a glowing drain.
  2795 | Sewer    | Entered a sewer
  2918 | Sewer    | Reached *** piety under Trog
  2992 | Sewer    | Reached XP level 7. HP: 52/52 MP: 7/7
  3084 | Sewer    | Reached skill level 11 in Polearms
  3299 | D:4      | Reached **** piety under Trog
  3683 | D:4      | Found a shattered altar of Ashenzari.
  3750 | D:5      | Entered Level 5 of the Dungeon
  3790 | D:5      | Found an opulent altar of Gozag.
  3792 | D:5      | Found Gozag's Platinum Reserve.
  3826 | D:5      | Reached skill level 12 in Polearms
  3981 | D:5      | Reached skill level 13 in Polearms
  3981 | D:5      | Reached XP level 8. HP: 58/58 MP: 8/8
  4138 | D:5      | Found a glowing golden altar of the Shining One.
  4288 | D:6      | Found a burning altar of Makhleb.
  4331 | D:6      | Found a blossoming altar of Fedhas.
  4356 | D:6      | Reached skill level 14 in Polearms
  4765 | D:7      | Noticed a troll
  4774 | D:7      | Killed a troll
  4774 | D:7      | Reached XP level 9. HP: 41/65 MP: 9/9
  4917 | D:7      | Noticed Menkaure
  4933 | D:7      | Killed Menkaure
  4933 | D:7      | Reached skill level 5 in Fighting
  4950 | D:7      | Reached ***** piety under Trog
  5123 | D:7      | Found a runed door.
  5463 | D:7      | Reached skill level 5 in Dodging
  5637 | D:7      | Noticed Crazy Yiuf
  5647 | D:7      | Killed Crazy Yiuf
  5872 | D:8      | Found a deep blue altar of Sif Muna.
  5889 | D:8      | Identified Sif Muna's Catalogue of Conjuration
  6011 | D:8      | Noticed a hornet
  6017 | D:8      | Killed a hornet
  6017 | D:8      | Reached XP level 10. HP: 67/80 MP: 10/10
  6160 | D:8      | Noticed a two-headed ogre
  6161 | D:8      | Noticed a two-headed ogre
  6182 | D:8      | Killed a two-headed ogre
  6185 | D:8      | Killed a two-headed ogre
  6291 | D:8      | Noticed a moth of wrath
  6293 | D:8      | Found a bloodstained altar of Trog.
  6839 | D:9      | Reached skill level 15 in Polearms
  6952 | D:9      | Noticed a death yak
  6970 | D:9      | Noticed a death yak
  6972 | D:9      | Killed a death yak
  6972 | D:9      | Reached skill level 10 in Fighting
  6972 | D:9      | Reached XP level 11. HP: 90/90 MP: 11/11
  6973 | D:9      | Noticed a death yak
  6974 | D:9      | Noticed a death yak
  6974 | D:9      | Noticed a death yak
  7029 | D:9      | Killed a death yak
  7043 | D:9      | Killed a death yak
  7055 | D:9      | HP: 4/92 [centaur/arrow (4)]
  7059 | D:9      | Slain by an ice beast

Vault maps used:
D:1:      scummos_arrival_hexagon, minmay_tall_x
D:2:      cheibriados_altar_1
D:4:      dancing_weapons_uskayaw, marbit_many_paths,
          minmay_temple_entry_butterflies, cheibrodos_sewer_entry_sluice,
          first_bread
D:5:      kennysheep_mini, nicolae_gozag_zags_fifth_avenue
D:6:      fedhas_altar_2, basic_altar
D:7:      uniq_crazy_yiuf_cottage, uniq_menkaure
D:8:      led_sif_book, tgw_trog
D:9:      minmay_quarter_circles, dpeg_lair_monsters, hangedman_fish_farm,
          dk_rats_in_the_wall
Temple:   nicolae_temple_great_sept
Sewer:    sewer_frog_island_02

Skill      XL: |  1  2  3  4  5  6  7  8  9 10 |
---------------+-------------------------------+-----
Polearms       | 5 6 7 8 9 10 13 14 15 | 15.7
Fighting       | 4 7 10 | 10.4
Dodging        | 3 6 8 |  8.7
Armour         | 3 4 |  4.9

Action                   |  1- 3 |  4- 6 |  7- 9 | 10-12 || total
-------------------------+-------+-------+-------+-------++-------
Melee: Spear             |   101 |   154 |       |       ||   255
       Trident           |       |    96 |   488 |    56 ||   640
       Tailslap          |       |     6 |     2 |       ||     8
       Glaive            |       |       |       |   132 ||   132
 Fire: Hunting sling     |       |    26 |       |       ||    26
Invok: Berserk           |     1 |     2 |     8 |     5 ||    16
       Burn Spellbooks   |       |       |     3 |       ||     3
       Trog's Hand       |       |       |       |     1 ||     1
  Use: Scroll            |     1 |     3 |    11 |     1 ||    16
       Potion            |       |       |       |     1 ||     1
  Eat: Chunk             |     1 |     7 |    17 |     7 ||    32
       Royal jelly       |       |     1 |       |       ||     1
Armor: Animal skin       |     5 |       |       |       ||     5
       Leather armour    |     2 |    14 |       |       ||    16
       Ring mail         |       |     9 |       |       ||     9
       Chain mail        |       |    19 |    69 |       ||    88
       Scale mail        |       |     3 |       |       ||     3
       Plate armour      |       |       |    63 |    85 ||   148
Dodge: Dodged            |    42 |    83 |   116 |    66 ||   307

Table legend:
 A = Spawn XP
 B = Non-spawn XP
 C = Spawn XP percentage of total XP
 D = Spawn monster count
 E = Non-spawn monster count
 F = Spawn count percentage of total count
 G = Total turns spent on level
                    A         B        C        D         E        F      G
               +---------+---------+-------+---------+---------+-------+---------
         Total |       0 |   11384 |   0.0 |       0 |     258 |   0.0 |  7059
               +---------+---------+-------+---------+---------+-------+---------
           D:1 |       0 |      53 |   0.0 |       0 |      21 |   0.0 |   769
           D:2 |       0 |      65 |   0.0 |       0 |      18 |   0.0 |  1145
           D:3 |       0 |     342 |   0.0 |       0 |      30 |   0.0 |   732
           D:4 |       0 |     150 |   0.0 |       0 |      16 |   0.0 |   609
           D:5 |       0 |     492 |   0.0 |       0 |      10 |   0.0 |   484
           D:6 |       0 |     660 |   0.0 |       0 |      14 |   0.0 |   581
           D:7 |       0 |    1666 |   0.0 |       0 |      39 |   0.0 |   907
           D:8 |       0 |    3290 |   0.0 |       0 |      32 |   0.0 |   921
           D:9 |       0 |    4365 |   0.0 |       0 |      23 |   0.0 |   416
         Sewer |       0 |     301 |   0.0 |       0 |      55 |   0.0 |   491
               +---------+---------+-------+---------+---------+-------+---------
